 Dungeon Crawl Stone Soup version 0.28.0 (webtiles) character file.

Game seed: 15525293482482923332

10059 hawla the Carver (level 11, -10/85 HPs)
             Began as a Red Draconian Conjurer on Feb 10, 2022.
             Was a Follower of Ashenzari.
             Mangled by a skeletal warrior (31 damage)
             ... on level 11 of the Dungeon on Feb 12, 2022.
             The game lasted 00:47:42 (13836 turns).

hawla the Carver (Red Draconian Conjurer)          Turns: 13836, Time: 00:47:43

Health: -10/85     AC: 10    Str: 11    XL:     11   Next: 31%
Magic:  14/20      EV: 12    Int: 22    God:    Ashenzari [*.....]
Gold:   645        SH:  0    Dex: 11    Spells: 8/22 levels left

rFire   + + .      SeeInvis .   f - +8 long sword "Loss of Ashenzari" {freeze, rF+ Will+ Stlth+, Evo, Melee} (curse)
rCold   . . .      Faith    .   (no shield)
rNeg    . . .      Spirit   .   (armour unavailable)
rPois   .          Reflect  .   (helmet restricted)
rElec   .          Harm     .   A - +2 cloak "Behold Eternity" {Will+, Cun, Self} (curse)
rCorr   +          Rampage  .   (no gloves)
Will    ++...                   (no boots)
Stlth   +++.......              x - amulet of regeneration
HPRegen 1.04/turn               u - ring of resist corrosion
MPRegen 0.17/turn               (no ring)

@: on blink cooldown, very slightly contaminated
A: breathe fire, AC +7, unfitting armour, fire resistance 1, cold-blooded, agile
1, sense surroundings 1, screaming 1, MP-powered wands
a: Breathe Fire, Renounce Religion, Curse Item, Shatter the Chains


You were on level 11 of the Dungeon.
You worshipped Ashenzari.
Ashenzari was aware of your devotion.
You visited 2 branches of the dungeon, and saw 12 of its levels.
You also visited: Ossuary.

You collected 645 gold pieces.

Inventory:

Hand Weapons
 f - the cursed +8 long sword "Loss of Ashenzari" (weapon) {freeze, rF+ Will+ Stlth+, Evo, Melee}
   (You found it on level 2 of the Dungeon)

   It freezes those it strikes, dealing additional cold damage.
   It can also slow down cold-blooded creatures.
   rF:        It protects you from fire.
   Will:      It increases your willpower.
   Stlth:     It makes you more stealthy.
   It has a curse which improves the following skills: Evocations: Evocations.
   Melee Combat: Short Blades, Long Blades, Axes, Maces & Flails, Polearms,
   Staves and Unarmed Combat.
Missiles
 b - 3 silver boomerangs
 h - 2 poisoned darts (quivered)
 q - 2 throwing nets
 E - 5 curare-tipped darts
Armour
 A - the cursed +2 cloak "Behold Eternity" (worn) {Will+, Cun, Self}
   (You took it off Crazy Yiuf on level 7 of the Dungeon)

   It has a curse which improves the following skills: Cunning: Dodging and
   Stealth.
   Introspection: Fighting and Spellcasting.
Jewellery
 i - the amulet "Sivver" {Acrobat Harm +Inv}
   (You found it on level 2 of the Dungeon)

   [amulet of the acrobat]

   It increases your evasion while moving and waiting.
   +Inv:      It lets you turn invisible.
   Harm:      It increases damage dealt and taken.
 r - a ring of fire
 u - a ring of resist corrosion (left hand)
 x - an amulet of regeneration (around neck)
Wands
 t - a wand of iceblast (17)
 D - a wand of paralysis (2)
Scrolls
 d - 3 scrolls of identify
 w - 2 scrolls of silence
 z - a scroll of magic mapping
Potions
 a - 7 potions of haste
 c - 2 potions of brilliance
 e - 5 potions of curing
 g - a potion of attraction
 k - 2 potions of cancellation
 l - 2 potions of ambrosia
 m - 2 potions of flight
 n - 3 potions of might
 o - a potion of magic
 s - a potion of mutation
 v - a potion of resistance
 B - 2 potions of lignification


   Skills:
 - Level 4.0(4.8) Fighting
 - Level 13.2(14.0) Long Blades
 - Level 1.0(1.5) Staves
 - Level 1.0 Throwing
 - Level 1.7(2.4) Dodging
 - Level 1.7(2.4) Stealth
 + Level 5.3(6.2) Spellcasting
 + Level 9.5 Conjurations
 + Level 3.3 Translocations
 - Level 1.0 Fire Magic
 - Level 2.3(3.0) Evocations


You had 8 spell levels left.
You knew the following spells:

 Your Spells              Type           Power      Damage    Failure   Level
a - Magic Dart            Conj           100%       1d8       1%          1
b - Searing Ray           Conj           96%        2d7       1%          2
c - Iskenderun's Mystic   Conj/Tloc      35%        2d8       6%          4
d - Manifold Assault      Tloc           21%        N/A       54%         5
e - Blink                 Tloc           42%        N/A       3%          2

Your spell library contained the following spells:

 Spells                   Type           Power      Damage    Failure   Level
 Dazzling Flash           Conj/Hex       54%        N/A       3%          3
 Lesser Beckoning         Tloc           21%        N/A       7%          3
 Pain                     Necr           24%        1d5       9%          1
 Fulminant Prism          Conj/Hex       13%        3d9       13%         4
 Passage of Golubria      Tloc           21%        N/A       22%         4
 Ozocubu's Armour         Ice            6%         N/A       26%         3
 Summon Guardian Golem    Hex/Summ       6%         N/A       26%         3
 Tukima's Dance           Hex            6%         N/A       26%         3
 Leda's Liquefaction      Hex/Erth       3%         N/A       65%         4
 Orb of Destruction       Conj           24%        9d9       83%         7
 Agony                    Necr           6%         N/A       94%         5
 Excruciating Wounds      Necr           3%         N/A       94%         5
 Lee's Rapid Deconstruct  Erth           3%         3d6*      94%         5
 Metabolic Englaciation   Hex/Ice        3%         N/A       94%         5
 Yara's Violent Unravell  Hex/Tmut       3%         3d4       94%         5
 Simulacrum               Ice/Necr       3%         N/A       100%        6
 Statue Form              Tmut/Erth      4%         N/A       100%        6
 Spellforged Servitor     Conj/Summ      13%        N/A       100%        7


Dungeon Overview and Level Annotations

Branches:
Dungeon (11/15)            Temple (1/1) D:6            Lair (0/6) D:10
    Orc (0/2) D:11        Ossuary (visited)

Altars:
Ashenzari
Cheibriados
Dithmenos
Elyvilon
Fedhas
Gozag
Hepliaklqana
Kikubaaqudgha
Makhleb
Nemelex Xobeh
Okawaru
Qazlal
Ru
Sif Muna
Trog
Uskayaw
Vehumet
Wu Jian
Xom
Yredelemnul
Zin
The Shining One

Annotations:
D:8 1 runed translucent door, Lobster4's ghost, novice KoEn


Innate Abilities, Weirdness & Mutations

You can breathe blasts of fire.
Your fiery red scales are hard. (AC +7)
You cannot fit into any form of body armour.
Your flesh is heat resistant. (rF+)
You are cold-blooded and may be slowed by cold attacks.
You are agile. (Dex +2)
You passively map a small area around you.
You occasionally shout uncontrollably at your foes.
You expend magic power (3 MP) to strengthen your wands.


Message History

You cannot move.
You cannot move.
You cannot move.
You cannot move.
You cannot move.
You are confused.
You feel invigorated.
The skeletal warrior hits you with a +0 hand axe!
You are no longer locked in place.
The skeletal warrior hits you with a +0 hand axe!!
* * * LOW HITPOINT WARNING * * *
The skeletal warrior closely misses you.
The skeletal warrior hits you with a +0 hand axe!!
* * * LOW HITPOINT WARNING * * *
You feel better.
You feel less invigorated. The skeletal warrior barely misses you.
You feel much better.
The skeletal warrior hits you with a +0 scimitar.
Casting: Iskenderun's Mystic Blast (dangerous; 6% risk of failure)
Confirm with . or Enter, or press ? or * to list all spells.
You erupt in a blast of force!
The mystic blast hits the skeletal warrior!
The skeletal warrior is lightly damaged.
The skeletal warrior is knocked back by the mystic blast.
The mystic blast hits the skeletal warrior but does no damage.
The mystic blast hits the skeletal warrior.
The skeletal warrior is lightly damaged.
The skeletal warrior is knocked back by the mystic blast.
The skeletal warrior hits you with a +0 battleaxe!!
* * * LOW HITPOINT WARNING * * *
Okay, then.
Casting: Iskenderun's Mystic Blast (dangerous; 6% risk of failure)
Confirm with . or Enter, or press ? or * to list all spells.
You blink.
Casting: Blink (safe; 3% risk of failure)
Confirm with . or Enter, or press ? or * to list all spells.
You are still too unstable to blink.
The skeletal warrior hits you but does no damage.
The skeletal warrior hits you with a +0 battleaxe!!
You die...

, ,, #.# * ,.......*
#.####### , z......
........... *,,
....... #..........*
......####..........
, #.......#..........
*#.......#..z.......
,,
#.......#zz........
.#.......#@.........
........?............
.#...................
#..##+##............
## #..........###*
#.#..........# #.
#.#..........# #.
#.#..........#
#.##'#..))......#


You could see 3 skeletal warriors.

Vanquished Creatures
  A two-headed ogre (D:11)
  Sonja (D:11)
  2 komodo dragons (D:10)
  A troll (D:10)
  A hornet (D:7)
  Prince Ribbit (D:7)
  2 wraiths
  A wyvern (D:9)
  8 yaks
  Sigmund (D:2)
  2 shadows (D:11)
  A vampire (D:9)
  3 acid dragons
  2 water moccasins (D:7)
  An ice beast (D:7)
  5 orc warriors
  A hornet zombie (D:8)
  A black bear (D:3)
  An ogre (D:4)
  A sky beast (D:6)
  3 centaurs
  A kobold brigand (D:10)
  4 bullfrogs
  2 scorpions
  2 water moccasin zombies (Ossuary)
  A wyvern zombie (D:9)
  10 killer bees (D:9)
  9 electric eels
  4 howler monkeys
  6 centaur zombies
  A hound (D:6)
  Crazy Yiuf (D:7)
  3 centaur skeletons
  5 orc priests
  5 iguanas
  A bullfrog skeleton (D:6)
  Jessica (D:2)
  6 orc wizards
  A killer bee zombie (D:8)
  A hound skeleton (D:4)
  2 mummies (Ossuary)
  7 gnolls
  3 howler monkey zombies
  6 adders
  A shadow imp (D:5)
  A white imp (D:7)
  2 adder zombies (Ossuary)
  An adder skeleton (D:4)
  2 worms
  3 dart slugs
  29 orcs
  A bat (D:3)
  11 endoplasms
  5 giant cockroaches
  3 gnoll zombies (Ossuary)
  8 hobgoblins
  3 jackals (D:2)
  2 quokkas
  A ball python (D:2)
  5 frilled lizards
  4 goblins
  A hobgoblin zombie (Ossuary)
  5 kobolds
  6 kobold zombies (Ossuary)
  4 orc zombies (Ossuary)
  4 rats
224 creatures vanquished.

Vanquished Creatures (collateral kills)
  A boulder beetle (D:10)
1 creature vanquished.

Vanquished Creatures (others)
  12 fungi (D:10)
  29 plants
41 creatures vanquished.

Grand Total: 266 creatures vanquished

Notes
Turn   | Place    | Note
-------+----------+-------------------------------------------
     0 | D:1      | hawla the Draconian Conjurer began the quest for the Orb.
     0 | D:1      | Reached XP level 1. HP: 14/14 MP: 3/3
   374 | D:1      | Found a faded altar of an unknown god.
   532 | D:1      | Reached XP level 2. HP: 20/20 MP: 1/5
   535 | D:1      | Learned a level 2 spell: Searing Ray
   723 | D:1      | Reached skill level 1 in Translocations
  1127 | D:2      | Reached XP level 3. HP: 26/26 MP: 2/6
  1445 | D:2      | Noticed Jessica
  1587 | D:2      | Killed Jessica
  1588 | D:2      | Reached XP level 4. HP: 33/33 MP: 3/8
  1594 | D:2      | Learned a level 4 spell: Iskenderun's Mystic Blast
  1816 | D:2      | Reached skill level 1 in Staves
  2108 | D:2      | Identified the amulet "Sivver" {Acrobat Harm +Inv}
  2162 | D:2      | Noticed Sigmund
  2177 | D:3      | Reached XP level 5. HP: 20/38 MP: 0/9
  2389 | D:2      | Killed Sigmund
  2390 | D:2      | Reached skill level 5 in Conjurations
  2390 | D:2      | Reached XP level 6. HP: 45/45 MP: 1/11
  2397 | D:2      | Identified the +8 long sword of Pride {freeze, rF+ Will+
                  | Stlth+}
  3311 | D:3      | Found a hazy altar of Hepliaklqana.
  3441 | D:3      | Reached skill level 1 in Long Blades
  3615 | D:3      | Reached skill level 2 in Long Blades
  3943 | D:4      | Your scales start taking on a fiery red colour.
  3943 | D:4      | Reached XP level 7. HP: 40/50 MP: 7/13
  3943 | D:4      | Gained mutation: Your flesh is heat resistant. (rF+) [Red
                  | Draconian growth]
  3979 | D:4      | Reached skill level 3 in Long Blades
  3996 | D:4      | Found a sand-covered staircase.
  4023 | Ossuary  | Entered an ossuary
  4200 | Ossuary  | Reached skill level 4 in Long Blades
  4459 | D:4      | Reached skill level 5 in Long Blades
  5013 | D:5      | Entered Level 5 of the Dungeon
  5074 | D:5      | Reached skill level 6 in Long Blades
  5074 | D:5      | Reached XP level 8. HP: 57/57 MP: 14/14
  5581 | D:6      | Reached skill level 7 in Long Blades
  6309 | D:6      | Reached skill level 8 in Long Blades
  6916 | D:6      | Found a staircase to the Ecumenical Temple.
  6932 | Temple   | Entered the Ecumenical Temple
  7222 | Temple   | Became a worshipper of Ashenzari the Shackled
  7590 | D:7      | Noticed a hornet
  7967 | D:7      | Reached skill level 9 in Long Blades
  8252 | D:7      | Noticed Prince Ribbit
  8260 | D:7      | Killed Prince Ribbit
  8261 | D:7      | Reached XP level 9. HP: 60/62 MP: 3/15
  8315 | D:7      | Paralysed by a hornet for 3 turns
  8573 | D:7      | Found a runed translucent door.
  8574 | D:7      | Noticed Crazy Yiuf
  8604 | D:7      | Reached skill level 10 in Long Blades
  9062 | D:7      | Killed Crazy Yiuf
  9346 | D:7      | Reached skill level 1 in Fighting
  9500 | D:8      | Reached skill level 11 in Long Blades
  9727 | D:8      | Found a runed translucent door.
  9727 | D:8      | Noticed Lobster4's ghost (novice KoEn)
  9862 | D:8      | Reached skill level 1 in Evocations
  9872 | D:8      | Reached skill level 1 in Throwing
 10210 | D:9      | Gained mutation: You occasionally shout uncontrollably at
                  | your foes. [potion of mutation]
 10210 | D:9      | Gained mutation: You expend magic power (3 MP) to
                  | strengthen your wands. [potion of mutation]
 10210 | D:9      | Gained mutation: You are agile. (Dex +2) [potion of
                  | mutation]
 10210 | D:9      | Gained mutation: You passively map a small area around you.
                  | [potion of mutation]
 10462 | D:9      | Reached XP level 10. HP: 61/78 MP: 16/16
 10583 | D:9      | Reached * piety under Ashenzari
 10743 | D:9      | Reached skill level 5 in Spellcasting
 10878 | D:9      | Reached skill level 12 in Long Blades
 11105 | D:9      | Identified the Compendium of the Rocks
 11118 | D:10     | Entered Level 10 of the Dungeon
 11338 | D:10     | Found the dreamshard necklace {*Dream Drain}
 12108 | D:10     | Found a staircase to the Lair.
 12407 | D:10     | Identified a scroll of acquirement
 12606 | D:11     | Acquired a book of Spatial Translocations
 12614 | D:11     | Learned a level 5 spell: Manifold Assault
 12617 | D:11     | Learned a level 2 spell: Blink
 12621 | D:11     | Noticed Sonja
 12621 | D:11     | Noticed a boulder beetle
 12629 | D:11     | Killed Sonja
 12630 | D:11     | Reached XP level 11. HP: 85/85 MP: 3/20
 12644 | D:10     | Killed a boulder beetle
 12645 | D:10     | Reached skill level 13 in Long Blades
 12981 | D:11     | Noticed an orc knight
 13499 | D:11     | Noticed a skeletal warrior
 13500 | D:11     | Noticed a skeletal warrior
 13509 | D:11     | Noticed a skeletal warrior
 13633 | D:11     | Noticed a two-headed ogre
 13641 | D:11     | Killed a two-headed ogre
 13642 | D:11     | Reached skill level 1 in Fire Magic
 13836 | D:11     | Mangled by a skeletal warrior

Illustrated notes

Levels and vault maps discovered:
D:1:      kennysheep_arrival_forest, layout_rooms, basic_ecumenical_altar
D:2:      minmay_alternating_diamond, layout_loops_ring, patterned_corridor,
          uniq_jessica, uniq_sigmund
D:3:      layout_basic, old_standard_altar
D:4:      layout_rooms, nicolae_ossuary_entry_ruins, serial_corexii_hall,
          corexii_hall_statues_i, corexii_hall_statues_i,
          chequers_hall_statues_y, corexii_hall_statues_x
D:5:      layout_rooms
D:6:      layout_cave_pools, minmay_temple_entry_overgrown,
          serial_bayou_lagoon_b
D:7:      layout_cave_pools, st_stairs_6, uniq_crazy_yiuf_cottage,
          uniq_prince_ribbit1
D:8:      layout_rooms, hellmonk_ghost_big_iron, serial_bayou_pond_a
D:9:      layout_small_grid, minmay_fountain_box
D:10:     layout_basic, grunt_lair_entry_orc_guard_hut
D:11:     layout_basic, david_orc_5, serial_shops, nicolae_diamond_shop,
          uniq_sonja
Temple:   regret_index_temple_sigil_plot

Skill      XL: |  1  2  3  4  5  6  7  8  9 10 11 |
---------------+----------------------------------+-----
Translocations | 1 2 3 |  3.3
Staves         | 1 |  1.0
Spellcasting   | 3 4 5 |  5.3
Conjurations   | 5 6 8 9 |  9.5
Long Blades    | 2 6 9 11 12 13 | 13.2
Fighting       | 4 |  4.0
Evocations     | 1 2 |  2.3
Throwing       | 1 |  1.0
Fire Magic     | 1 |  1.0
Dodging        | |  1.7
Stealth        | |  1.7

Action                   |  1- 3 |  4- 6 |  7- 9 | 10-12 || total
-------------------------+-------+-------+-------+-------++-------
Melee: Unarmed           |    27 |       |       |       ||    27
       Tailslap          |    10 |     4 |    25 |     9 ||    48
       Dagger            |    29 |       |       |       ||    29
       Punch             |     1 |       |       |     2 ||     3
       Flail             |       |    25 |       |       ||    25
       Long sword        |       |    20 |   226 |    77 ||   323
Throw: Dart              |       |     4 |       |     2 ||     6
       Boomerang         |       |       |     6 |     1 ||     7
 Cast: Magic Dart        |    32 |    17 |    16 |     7 ||    72
       Searing Ray       |     8 |    15 |    28 |    29 ||    80
       Iskenderun's Myst |       |     2 |    25 |    46 ||    73
       Blink             |       |       |       |     1 ||     1
Invok: Curse Item        |       |       |     1 |     1 ||     2
Evoke: Wand              |       |       |       |     1 ||     1
  Use: Scroll            |       |     7 |    12 |     5 ||    24
       Potion            |       |       |     8 |     4 ||    12
 Stab: Sleeping          |       |     3 |     9 |       ||    12
Armor: Skin              |    15 |    23 |   109 |    53 ||   200
Dodge: Dodged            |    36 |    37 |   189 |    80 ||   342
